 Dungeon Crawl Stone Soup version 0.30.0-19-g36f170ea60 (webtiles) character file.

Game seed: 3611284614688369343

134 PaiMei the Chiller (level 5, 0/57 HPs)
             Began as a Merfolk Ice Elementalist on May 30, 2023.
             Succumbed to an orc wizard's poison
             ... on level 3 of the Dungeon.
             The game lasted 00:06:48 (2905 turns).

PaiMei the Chiller (Merfolk Ice Elementalist)       Turns: 2905, Time: 00:06:49

Health: 0/57       AC:  5    Str:  8    XL:     5   Next: 17%
Magic:  9/9        EV: 13    Int: 17    God:
Gold:   101        SH:  0    Dex: 14    Spells: 5/9 levels left

rFire   + . .        s - +3 dagger (drain)
rCold   . . .        (no shield)
rNeg    . . .        g - +1 robe {rF+}
rPois   .            d - +0 helmet
rElec   .            k - +0 cloak
rCorr   .            (no gloves)
SInv    .            (no boots)
Will    .....        (no amulet) Stlth
                     (no ring)
HPRegen 0.29/turn    (no ring)
MPRegen 0.11/turn

%: no passive effects
@: berserking, lethally poisoned (0 -> -10), very quick
A: (nimble swimmer 2), mertail
a: no special abilities


You were on level 3 of the Dungeon.
You visited 1 branch of the dungeon, and saw 3 of its levels.

You collected 101 gold pieces.

Inventory:

Hand Weapons
 q - a +1 heavy falchion
 s - a +3 dagger of draining (weapon)
 w - a +2 sling of freezing
Missiles
 h - 26 stones
Armour
 d - a +0 helmet (worn)
 g - a +1 robe of fire resistance (worn)
 k - a +0 cloak (worn)
Jewellery
 p - a ring of fire
Scrolls
 f - a scroll of enchant armour {unknown}
 i - a scroll of immolation {unknown}
 j - 3 scrolls of identify {unknown}
 l - a scroll of enchant weapon {unknown}
 n - a scroll of teleportation {unknown}
 o - a scroll of amnesia {unknown}
 r - a scroll of fear {unknown}
 u - a scroll of acquirement {unknown}
 v - a scroll of noise {unknown}
Potions
 a - a potion of haste {unknown}
 b - a potion of magic
 e - 2 potions of curing {unknown}
 t - a potion of berserk rage


   Skills:
 + Level 1.7 Fighting
 + Level 4.1 Dodging
 - Level 2.8 Stealth
 + Level 2.9 Spellcasting
 + Level 5.1 Ice Magic


You had 5 spell levels left.
You knew the following spells:

 Your Spells              Type           Power      Damage    Failure   Level
a - Freeze                Ice            80%        1d9       2%          1
b - Frozen Ramparts       Ice            40%        1d7       6%          3

Your spell library contained the following spells:

 Spells                   Type           Power      Damage    Failure   Level
 Ozocubu's Armour         Ice            20%        N/A       6%          3
 Summon Ice Beast         Ice/Summ       11%        N/A       52%         4


Dungeon Overview and Level Annotations

Branches:
Dungeon (3/15)

Altars:


Innate Abilities, Weirdness & Mutations

((You are very nimble when in or above water. (Stealth+, EV+, Speed+++)))
Your lower body shifts to a powerful aquatic tail in water.


Message History

You hit the orc but do no damage. You drain the orc.
You kill the orc!
You closely miss something. Something hits you but does no damage.
You are poisoned.
You hit something.
You feel sick. Something hits you.
You are more poisoned.
You hit something.
You feel very sick. Something hits you.
You feel sick.
You feel sick. Something hits you.
You are more poisoned.
You feel sick. Something hits you but does no damage.
You are more poisoned.
You feel very sick. Something hits you but does no damage.
You are lethally poisoned!
* * * LOW HITPOINT WARNING * * *
You feel very sick.
It was a potion of berserk rage.
A red film seems to cover your vision as you go berserk!
You feel yourself moving faster!
You feel mighty!
* * * LOW HITPOINT WARNING * * *
You feel very sick.
You hear some strange, mumbled words.
A magic dart appears from out of thin air!
The magic dart hits you.
* * * LOW HITPOINT WARNING * * *
Unknown command.
You are too berserk!
Unknown command.
You barely miss something.
* * * LOW HITPOINT WARNING * * *
You feel very sick.
You miss something.
* * * LOW HITPOINT WARNING * * *
You feel sick. Something hits you but does no damage.
You hit something.
You die...

. #.# #######o## .
#<# #.# .#####.#
#.# .......# #o#
#.###### #.# #.#
########.# #.#
#o..o))..# #.#####
#{######## #.....#
#@#
#####.##########.#
#............#
##############


You could see an orc.

Vanquished Creatures
  Jessica (D:2)
  Terence (D:2)
  2 adders (D:2)
  A worm (D:2)
  A dart slug (D:1)
  3 orcs (D:3)
  6 ball pythons
  6 bats
  4 endoplasms
  2 giant cockroaches (D:2)
  4 goblins
  5 hobgoblins
  2 jackals (D:1)
  A quokka (D:2)
  6 frilled lizards
  8 kobolds (D:1)
  3 rats
56 creatures vanquished.

Notes
Turn   | Place    | Note
-------+----------+-------------------------------------------
     0 | D:1      | PaiMei the Merfolk Ice Elementalist began the quest for the
                  | Orb.
     0 | D:1      | Reached XP level 1. HP: 13/13 MP: 3/3
    62 | D:1      | Reached XP level 2. HP: 3/19 MP: 1/5
   921 | D:1      | Reached XP level 3. HP: 23/24 MP: 6/6
  1696 | D:2      | Reached XP level 4. HP: 24/31 MP: 7/7
  1875 | D:2      | Reached skill level 1 in Fighting
  2051 | D:2      | Noticed Terence
  2229 | D:2      | Killed Terence
  2230 | D:2      | Reached skill level 5 in Ice Magic
  2389 | D:2      | Noticed Jessica
  2395 | D:2      | Killed Jessica
  2396 | D:2      | Reached XP level 5. HP: 34/38 MP: 6/9
  2723 | D:2      | Identified the +1 pair of boots "Moggaj" {Will+ rCorr
                  | Int-4}
  2813 | D:2      | Learned a level 3 spell: Frozen Ramparts
  2904 | D:3      | HP: 2/57 [poisoned by an orc wizard]
  2905 | D:3      | Succumbed to an orc wizard's poison

Illustrated notes

Levels and vault maps discovered:
D:1:      dpeg_arrival_erosion, layout_basic, serial_corexii_hall,
          corexii_hall_statues_l, corexii_hall_statues_s,
          corexii_hall_statues_l, corexii_hall_statues_s
D:2:      layout_loops_corners, uniq_jessica, uniq_terence
D:3:      layout_loops_ring, hellmonk_ecumenical_altar_pennies_from_heaven

Skill      XL: |  1  2  3  4 |
---------------+-------------+-----
Dodging        | 3 4 |  4.1
Fighting       | 1 |  1.7
Ice Magic      | 5 |  5.1
Stealth        | |  2.8
Spellcasting   | |  2.9

Action                     |  1- 3 |  4- 6 || total
---------------------------+-------+-------++-------
  Melee: Unarmed           |    15 |       ||    15
         Club              |   135 |    29 ||   164
         Punch             |     1 |       ||     1
         Dagger            |       |    20 ||    20
   Cast: Freeze            |    18 |    12 ||    30
    Use: Potion            |       |     1 ||     1
   Stab: Sleeping          |     8 |     1 ||     9
         Distracted        |     1 |       ||     1
 Armour: Robe              |    41 |     6 ||    47
         Leather armour    |    13 |    18 ||    31
  Dodge: Dodged            |   126 |    29 ||   155
